 Dungeon Crawl Stone Soup version 0.30-a0-782-ge64f9170bb (webtiles) character file.

Game seed: 17368735348523113405

153 theswoord the Chopper (level 5, -2/41 HPs)
             Began as a Demonspawn Monk on Feb 23, 2023.
             Was a Priest of Okawaru.
             Slain by a hound (4 damage)
             ... on level 4 of the Dungeon.
             The game lasted 00:02:50 (2677 turns).

theswoord the Chopper (Demonspawn Monk)             Turns: 2677, Time: 00:02:50

Health: -2/41      AC: 12    Str: 13    XL:     5   Next: 12%
Magic:  5/5        EV:  3    Int: 12    God:    Okawaru [***...]
Gold:   163        SH:  0    Dex: 15    Spells: 4/4 levels left

rFire   . . .      SeeInvis .    g - +1 broad axe (freeze)
rCold   . . .      Faith    .    (no shield)
rNeg    . . .      Spirit   .    l - +0 plate armour
rPois   .          Reflect  .    (no helmet)
rElec   .          Harm     .    (no cloak)
rCorr   .          Rampage  .    (no gloves)
Will    .....                    (no boots) Stlth
                                 r - amulet of regeneration
HPRegen 1.06/turn                p - ring of wizardry
MPRegen 0.09/turn                (no ring)

@: no status effects
A: icy blue scales 1, foul stench 1, weakness stinger 1
a: Renounce Religion, Heroism


You were on level 4 of the Dungeon.
You worshipped Okawaru.
Okawaru was most pleased with you.
You visited 1 branch of the dungeon, and saw 4 of its levels.

You collected 163 gold pieces.

Inventory:

Hand Weapons
 a - a +1 hand axe
 g - a +1 broad axe of freezing (weapon)
Armour
 b - a +1 robe
 l - a +0 plate armour (worn)
 n - a +0 pair of gloves
Jewellery
 p - a ring of wizardry (left hand)
 r - an amulet of regeneration (around neck)
Scrolls
 f - a scroll of enchant armour
 h - 2 scrolls of fog
 j - a scroll of magic mapping
 o - a scroll of enchant weapon
Potions
 c - a potion of ambrosia
 d - a potion of mutation
 e - a potion of haste {unknown}
 i - a potion of attraction {unknown}
 k - a potion of heal wounds {unknown}
 m - a potion of cancellation {unknown}
 q - 2 potions of degeneration {unknown}


   Skills:
 - Level 3.0 Fighting
 + Level 5.3 Axes
 - Level 2.6 Dodging
 - Level 1.7 Stealth


You had 4 spell levels left.
You didn't know any spells.
Your spell library contained the following spells:

 Spells                   Type           Power      Damage    Failure   Level
 Ignite Poison            Fire/Tmut/Pois 0%         N/A       100%        3
 Kindle Blastsparks       Fire/Tloc/Air  0%         2d10      100%        3
 Freezing Cloud           Conj/Ice/Air   0%         6-21      100%        5


Dungeon Overview and Level Annotations

Branches:
Dungeon (4/15)             Temple (0/1) D:4

Altars:
Ashenzari
Hepliaklqana
Okawaru
Sif Muna


Innate Abilities, Weirdness & Mutations

You are partially covered in icy blue scales. (AC +2)
You may rarely emit foul miasma when damaged in melee.
You have a small tail.


Message History

No target in view!
No target in view!
No target in view!
Things that are here:
a +0 short sword; an orc corpse
Found a staircase to the Ecumenical Temple.
A gnoll comes into view. It is wielding a +0 heavy flail.
Found a shiny gilded ring.
The gnoll shouts!
You hear a bark!
You hear a shout!
A hound comes into view.
A gnoll bouda comes into view. It is wielding a +0 whip.
There are monsters nearby!
A gnoll comes into view. It is wielding a +0 flail. x2
The gnoll shouts!
The gnoll hits you with a +0 heavy flail!
The gnoll bouda barks out a call to the hunt!
The gnolls pick up the pace!
You hit the gnoll. You freeze the gnoll.
The gnoll hits you with a +0 heavy flail.
The hound bites you but does no damage.
You closely miss the gnoll. You tail-slap the gnoll. You hit the hound.
You freeze the hound. The hound bites you but does no damage.
The gnoll bouda hits you with a +0 whip.
The hound bites you.
* * * LOW HITPOINT WARNING * * *
The gnoll hits you with a +0 heavy flail!
* * * LOW HITPOINT WARNING * * *
You slash the gnoll! You freeze the gnoll.
You kill the gnoll!
Okawaru accepts your kill.
You hit the hound. You freeze the hound. You barely miss the gnoll bouda.
The hound bites you but does no damage. The gnoll hits you but does no damage.
The gnoll bouda hits you with a +0 whip.
* * * LOW HITPOINT WARNING * * *
You closely miss the hound. You barely miss the gnoll bouda. You hit the gnoll.
You freeze the gnoll.
The hound bites you but does no damage. x2
The gnoll hits you with a +0 flail.
* * * LOW HITPOINT WARNING * * *
The hound bites you.
You die...

### ## #.###### ## .#
####.....g##.8.##
.#######....####@g......
.#..............hg8.>.8.
........##..............
.)#.###...(...#####=8.#.
.##..........#### .....
..(..##...†...... ....
...#.......##### ...
.#.).###.### ...
...#####.#


You could see a gnoll bouda, a hound and 2 gnolls.

Vanquished Creatures
  A black bear (D:3)
  A gnoll (D:4)
  2 adders
  2 worms
  2 dart slugs (D:1)
  An orc (D:4)
  A ball python (D:3)
  4 bats
  An endoplasm (D:3)
  A hobgoblin (D:3)
  3 quokkas
  A frilled lizard (D:2)
  3 goblins
  3 kobolds
  5 rats
31 creatures vanquished.

Vanquished Creatures (others)
  2 plants (D:3)
2 creatures vanquished.

Grand Total: 33 creatures vanquished

Notes
Turn   | Place    | Note
-------+----------+-------------------------------------------
     0 | D:1      | theswoord the Demonspawn Monk began the quest for the Orb.
     0 | D:1      | Reached XP level 1. HP: 18/18 MP: 1/1
   199 | D:1      | Reached skill level 3 in Axes
   554 | D:1      | Gained mutation: You are partially covered in icy blue
                  | scales. (AC +2) [demonic ancestry]
   554 | D:1      | Reached XP level 2. HP: 24/24 MP: 2/2
  1933 | D:3      | Identified a scroll of acquirement
  1933 | D:3      | Acquired a +1 broad axe of freezing
  2081 | D:3      | Found a faded altar of an unknown god.
  2082 | D:3      | Found a faded altar of an unknown god.
  2086 | D:3      | Reached XP level 3. HP: 28/29 MP: 3/3
  2086 | D:3      | Found a hazy altar of Hepliaklqana.
  2105 | D:3      | Prayed at the altar of an unknown god.
  2105 | D:3      | Became a worshipper of Warmaster Okawaru
  2105 | D:3      | Reached * piety under Okawaru
  2105 | D:3      | Reached ** piety under Okawaru
  2269 | D:3      | Noticed a black bear
  2273 | D:3      | Killed a black bear
  2273 | D:3      | Reached *** piety under Okawaru
  2274 | D:3      | Reached skill level 5 in Axes
  2274 | D:3      | Gained mutation: You may rarely emit foul miasma when
                  | damaged in melee. [demonic ancestry]
  2274 | D:3      | Reached XP level 4. HP: 31/35 MP: 4/4
  2484 | D:3      | Found a shimmering blue altar of Sif Muna.
  2484 | D:3      | Found a broken altar of Ashenzari.
  2645 | D:4      | Gained mutation: You have a small tail. [demonic ancestry]
  2645 | D:4      | Reached XP level 5. HP: 41/41 MP: 5/5
  2670 | D:4      | Found a staircase to the Ecumenical Temple.
  2677 | D:4      | HP: 2/41 [gnoll/+0 flail[a gnoll bouda] (5)]
  2677 | D:4      | Slain by a hound

Skill      XL: |  1  2  3 |
---------------+----------+-----
Axes           | 3 5 |  5.3
Fighting       | |  3.0
Dodging        | |  2.6
Stealth        | |  1.7

Action                     |  1- 3 |  4- 6 || total
---------------------------+-------+-------++-------
  Melee: Hand axe          |    52 |       ||    52
         Broad axe         |    15 |    13 ||    28
         Tailslap          |       |     1 ||     1
    Use: Scroll            |     8 |       ||     8
   Stab: Sleeping          |     1 |       ||     1
 Armour: Robe              |    12 |       ||    12
         Plate armour      |    25 |    11 ||    36
  Dodge: Dodged            |    34 |     1 ||    35

Levels and vault maps discovered:
D:1:      lightli_arrival_lavapool, layout_basic, amcnicky_mini_pool_small,
          nrook_loot_triangle
D:2:      layout_basic, serial_rivers, chequers_serial_rivers_micro_d,
          chequers_serial_rivers_small_3, chequers_serial_rivers_small_3,
          chequers_serial_rivers_micro_e, chequers_serial_rivers_small_a,
          chequers_serial_rivers_micro_d, grunt_decor_resistance
D:3:      layout_loops_ring, nicolae_hepliaklqana_ecumenical_no_more,
          gammafunk_temple_overflow_wave
D:4:      layout_rooms, minmay_temple_entry_statues_pillars
